 Dungeon Crawl Stone Soup version bcrawl-1.19.2-6-g6a88ae04c9 (webtiles) character file.

Game seed: 7348009696120099560

1322 Mrkan the Eye of the Storm (level 8, 0/81 HPs)
             Began as a Troll Monk on Jan 6, 2020.
             Was a Priest of Qazlal.
             Slain by a wight
             ... wielding a cursed +0 spear
              (7 damage)
             ... on level 5 of the Dungeon.
             The game lasted 00:07:31 (4477 turns).

Mrkan the Eye of the Storm (Troll Monk)             Turns: 4477, Time: 00:07:32

Health: 0/81       AC:  8    Str: 20    XL:     8   Next: 33%
Magic:  11/12      EV:  7    Int:  9    God:    Qazlal [***...]
Gold:   683        SH: 13    Dex: 12    Spells: 7/7 levels left

rFire    + . .     SeeInvis .     - Unarmed
rCold    . . .     Gourm    +   p - +0 shield
rNeg     . . .     Faith    .   (armour unavailable)
rPois    .         Spirit   .   a - +0 hat
rElec    +         Reflect  +   g - +0 cloak
rCorr    .         Harm     .   (gloves unavailable)
MR       +....                  (boots unavailable)
Stlth    +++.......             o - +3 amulet of reflection
HPRegen  0.63/turn              k - ring of protection from magic
MPRegen  0.13/turn              n - ring of stealth

@: lightly drained
A: large, almost no armour, unfitting armour, claws 3, horns 1, fire resistance
1, fast metabolism 3, gourmand, regeneration 1, electricity resistance, wild
magic 1, AC +7
a: Upheaval, Elemental Force, Renounce Religion


You were on level 5 of the Dungeon.
You worshipped Qazlal.
Qazlal was most pleased with you.
You were full.

You visited 1 branch of the dungeon, and saw 5 of its levels.
You also visited: Ossuary.

You collected 683 gold pieces.

Inventory:

Armour
 a - a +0 hat (worn)
 g - a +0 cloak (worn)
 p - a +0 shield (worn)
Jewellery
 b - an uncursed amulet of guardian spirit
 d - an uncursed amulet of faith
 k - a ring of protection from magic (left claw)
 n - a ring of stealth (right claw)
 o - a +3 amulet of reflection (around neck)
 w - an uncursed amulet of the acrobat {unknown}
 x - an uncursed ring of poison resistance {unknown}
Scrolls
 h - 4 scrolls of teleportation {unknown}
 j - 2 scrolls of identify
 q - a scroll of remove curse
 r - 2 scrolls of blinking {unknown}
 u - 2 scrolls of amnesia {unknown}
Potions
 e - 3 potions of flight
 f - 2 potions of might {unknown}
 i - 3 potions of curing {unknown}
 l - a potion of cancellation
 m - 2 potions of heal wounds
 s - a potion of brilliance {unknown}
 t - a potion of ambrosia {unknown}
 v - a potion of lignification {unknown}
 z - a potion of agility {unknown}
Comestibles
 c - 12 rations {!d}


   Skills:
 + Level 5.4(5.0) Fighting
 - Level 2.4(2.0) Dodging
 - Level 1.1(0.7) Stealth
 - Level 6.0(5.5) Unarmed Combat
 * Level 6.7(6.3) Invocations


You had 7 spell levels left.
You didn't know any spells.
Your spell library contained the following spells:

 Spells                   Type           Power        Failure   Level  Hunger
 Corona                   Hex            #......      98%         1    ##.....
 Ensorcelled Hibernation  Hex/Ice        #.....       99%         2    ###....
 Confuse                  Hex            #.......     100%        3    ####...
 Dazzling Spray           Conj/Hex       #.....       100%        3    ####...
 Tukima's Dance           Hex            #.......     100%        3    ####...


Dungeon Overview and Level Annotations

Branches:
Dungeon (5/12)
 Temple: D:4-7

Altars:
Qazlal
Trog
Vehumet
Xom

Annotations:
D:4 exclusion: statue


Innate Abilities, Weirdness & Mutations

You cannot wear most types of armour.
Your thick skin is tough. (AC +7)
You are too large for most types of armour.
You have claws for hands.
Your metabolism is lightning-fast.
You like to eat raw meat.
Your natural rate of healing is unusually fast.
You have a pair of small horns on your head.
Your flesh is heat resistant. (rF+)
You are resistant to electric shocks. (rElec)
Your spells are a little harder to cast, but a little more powerful.


Message History

* * * LOW HITPOINT WARNING * * *
You barely miss the ogre.
The ogre is heavily wounded.
The wight hits you from afar with a cursed +0 spear!
* * * LOW HITPOINT WARNING * * *
The wight hits you from afar with a +4 halberd.
* * * LOW HITPOINT WARNING * * *
You claw the ogre! Your headbutt misses the ogre.
The ogre is severely wounded.
You hear an angry hiss.
The wight hits you from afar with a cursed +0 spear.
* * * LOW HITPOINT WARNING * * *
You feel drained.
* * * LOW HITPOINT WARNING * * *
You block the ogre's attack. You block the wight's attack.
The iguana hisses menacingly.
You barely miss the ogre.
The ogre is severely wounded.
The wight hits you from afar with a cursed +0 spear!
You die...

####### #.....#
#.....# #.....#
#####o....###
#######zol5W.......$..
#....@Oz###.....##....
#.####### #..O..##....
# #J....#.....
#.{5l.Z.....
###.##h.#....
##..O...o...##
#.............
#...........#.h
#..........##ยง#


You could see a phantom, an ogre, an iguana, 2 wights, a crimson imp and 2 orcs.

Vanquished Creatures
  Grinder (D:4)
  A sky beast (D:5)
  An orc warrior (D:5)
  3 ogres
  A howler monkey (D:5)
  A hound (D:4)
  A jelly (D:5)
  A bullfrog skeleton (D:4)
  An orc priest (D:5)
  4 orc wizards
  2 worker ants
  A big kobold zombie (Ossuary)
  8 mummies (Ossuary)
  3 gnolls (D:4)
  7 adders
  A shadow imp (D:5)
  An ooze (D:2)
  An adder skeleton (D:5)
  A worm (D:3)
  2 dart slugs
  A leopard gecko (D:3)
  14 orcs
  9 bats
  3 giant cockroaches (D:1)
  25 goblins
  12 hobgoblins
  7 jackals
  15 kobolds
  3 quokkas
  5 frilled lizards
  3 hobgoblin zombies (Ossuary)
  3 kobold zombies (Ossuary)
  An orc zombie (Ossuary)
  A quokka skeleton (D:4)
  4 rats
148 creatures vanquished.

Vanquished Creatures (others)
  A kobold (D:3)
  A withered plant (D:5)
2 creatures vanquished.

Grand Total: 150 creatures vanquished

Notes
Turn   | Place    | Note
-------+----------+-------------------------------------------
     0 | D:1      | Mrkan the Troll Monk began the quest for the Orb.
     0 | D:1      | Reached XP level 1. HP: 22/22 MP: 1/1
   126 | D:1      | Reached XP level 2. HP: 29/29 MP: 2/2
  1236 | D:2      | Reached XP level 3. HP: 32/36 MP: 3/3
  1588 | D:2      | Gained mutation: Your natural rate of healing is unusually
                  | fast. [Troll growth]
  1588 | D:2      | Reached XP level 4. HP: 37/45 MP: 4/4
  2521 | D:3      | Found a faded altar of an unknown god.
  2618 | D:3      | Reached skill level 5 in Unarmed Combat
  2618 | D:3      | Reached XP level 5. HP: 51/53 MP: 5/5
  2808 | D:3      | Noticed an ogre
  2821 | D:3      | Killed an ogre
  2821 | D:3      | Reached XP level 6. HP: 61/62 MP: 6/6
  3266 | D:3      | Found a stormy altar of Qazlal.
  3275 | D:3      | Became a worshipper of Qazlal Stormbringer
  3275 | D:3      | Reached * piety under Qazlal
  3275 | D:3      | Reached ** piety under Qazlal
  3303 | D:4      | Noticed Grinder
  3314 | D:4      | Killed Grinder
  3346 | D:4      | Reached XP level 7. HP: 70/70 MP: 8/8
  3352 | D:4      | Found a shimmering altar of Xom.
  3352 | D:4      | Found a bloodstained altar of Trog.
  3522 | D:4      | Found a radiant altar of Vehumet.
  3895 | D:4      | Found a sand-covered staircase.
  3902 | Ossuary  | Entered an ossuary
  3946 | Ossuary  | Gained mutation: You are resistant to electric shocks.
                  | (rElec) [potion of mutation]
  3946 | Ossuary  | Gained mutation: Your flesh is heat resistant. (rF+)
                  | [potion of mutation]
  3946 | Ossuary  | Gained mutation: You have a pair of small horns on your
                  | head. [potion of mutation]
  3946 | Ossuary  | Gained mutation: Your spells are a little harder to cast,
                  | but a little more powerful. [potion of mutation]
  3948 | Ossuary  | Reached skill level 5 in Invocations
  4376 | D:5      | Entered Level 5 of the Dungeon
  4429 | D:5      | Reached skill level 5 in Fighting
  4432 | D:5      | Reached XP level 8. HP: 42/80 MP: 11/11
  4440 | D:5      | Reached *** piety under Qazlal
  4477 | D:5      | Slain by a wight

Skill      XL: |  1  2  3  4  5  6  7  8 |
---------------+-------------------------+-----
Unarmed Combat | 4 5 6 |  6.0
Fighting       | 3 4 5 |  5.4
Invocations    | 3 5 6 |  6.7
Dodging        | |  2.4
Stealth        | |  1.1

Action                   |  1- 3 |  4- 6 |  7- 9 || total
-------------------------+-------+-------+-------++-------
Melee: Unarmed           |   133 |   163 |   140 ||   436
       Punch             |     4 |       |       ||     4
       Headbutt          |       |       |    20 ||    20
  Use: Scroll            |       |     2 |       ||     2
       Potion            |       |       |     3 ||     3
 Stab: Sleeping          |     5 |     8 |       ||    13
  Eat: Chunk             |     4 |    17 |     6 ||    27
       Ration            |     1 |       |       ||     1
Armor: Skin              |    68 |    38 |    63 ||   169
Dodge: Dodged            |    75 |    37 |    33 ||   145
Block: Shield            |       |    66 |   104 ||   170
       Reflection        |       |    11 |       ||    11
       Other             |       |     3 |       ||     3
